 Dungeon Crawl Stone Soup version bcrawl-1.20 (webtiles) character file.

Game seed: 14663579798708481223

11 MisterOstroum the Skirmisher (level 2, 0/22 HPs)
             Began as an Octopode Wanderer on Jan 20, 2020.
             Slain by a goblin (3 damage)
             ... on level 1 of the Dungeon.
             The game lasted 00:00:43 (106 turns).

MisterOstroum the Skirmisher (Octopode Wanderer)     Turns: 106, Time: 00:00:43

Health: 0/22       AC:  1    Str: 10    XL:     2   Next: 25%
Magic:  2/2        EV: 12    Int: 15    God:
Gold:   0          SH:  0    Dex: 11    Spells: 1/1 levels left

rFire    . . .     SeeInvis .   a - +2 mace
rCold    . . .     Gourm    .   (no shield)
rNeg     . . .     Faith    .   (helmet restricted)
rPois    .         Spirit   .   (cloak restricted)
rElec    .         Reflect  .   (no amulet)
rCorr    .         Harm     .   (no ring)
MR       .....                  (no ring)
Stlth    +++.......             (no ring)
HPRegen  0.07/turn              (no ring)
MPRegen  0.08/turn              (no ring)
                                (no ring)
                                (no ring)
                                (no ring)

@: no status effects
A: almost no armour, stealthy swim, amphibious, 8 rings, constrict 8, camouflage
1, gelatinous body 1
a: no special abilities


You were on level 1 of the Dungeon.
You were not hungry.

You visited 1 branch of the dungeon, and saw 1 of its levels.

Inventory:

Hand Weapons
 a - a +2 mace (weapon)
 d - a +0 dagger
Missiles
 c - 96 tomahawks (quivered)
 g - 99 stones
Jewellery
 f - an uncursed ring of stealth {unknown}
Scrolls
 h - a scroll of identify {unknown}
Potions
 b - a potion of curing {@q1 !q}
Comestibles
 e - a ration {!d}


   Skills:
 * Level 4.1 Fighting
 * Level 3.2 Maces & Flails
 + Level 1.2 Throwing
 + Level 3.2 Stealth


You had one spell level left.
You didn't know any spells.
Your spell library was empty.

Dungeon Overview and Level Annotations

Branches:
Dungeon (1/12)

Altars:


Innate Abilities, Weirdness & Mutations

You cannot wear most types of armour.
You are very stealthy in the water. (Stealth+)
You are amphibious.
You can wear up to eight rings at the same time.
You can use your tentacles to constrict eight enemies at once.
Your skin changes colour to match your surroundings (Stealth+).
Your rubbery body absorbs attacks. (AC +1, EV +1)


Message History

Your library has no spells.
h - a scroll labeled MIOBYN NESHISI A dart slug comes into view.
A dart slug comes into view.
The helpless dart slug fails to defend itself.
You hit the dart slug. You grab the dart slug.
The dart slug is moderately wounded.
You constrict the dart slug. The dart slug bites you.
You completely miss the dart slug.
The dart slug is heavily wounded.
You constrict the dart slug. You sock the dart slug!
You kill the dart slug!
Found a fuming coppery potion.
The dart slug closely misses you.
Found 102 arrows and a scroll labeled MEMUONURUW.
You hit the dart slug. You grab the dart slug.
The dart slug is severely wounded.
You constrict the dart slug. The dart slug barely misses you.
You hit the dart slug.
You kill the dart slug!
No target in view!
No target in view!
No target in view!
No target in view!
HP restored.
A kobold comes into view. It is wielding a +0 short sword.
A kobold is nearby!
A kobold is nearby!
A rat comes into view.
The kobold shouts!
You hear a shout!
You hear a bark!
A bat comes into view.
The kobold throws a stone.
The stone hits you but does no damage.
A goblin comes into view.
Found a scroll labeled YSEMASHR SARAMN.
A kobold comes into view.
You see here a fuming coppery potion.
The kobold throws a stone.
The stone hits you.
The kobold shouts!
You hear an angry hiss.
The bat barely misses you. The rat barely misses you.
You hit the rat.
You kill the rat!
The bat hits you but does no damage.
A jackal comes into view.
The kobold throws a stone.
The stone barely misses you. The goblin hits you. The kobold barely misses you.
A leopard gecko comes into view.
You closely miss the kobold.
The jackal barks!
You grab the kobold. You squeeze the kobold.
You kill the kobold!
You have reached level 2!
The bat closely misses you. The goblin closely misses you.
A jackal comes into view.
You closely miss the goblin.
The jackal barks!
Your grab misses the goblin. The bat hits you. The goblin closely misses you.
The goblin barely misses you.
You barely miss the jackal. You grab the jackal.
Your squeeze misses the jackal.
You constrict the jackal, but do no damage.
The kobold hits you. The jackal closely misses you. The bat barely misses you.
The goblin hits you. The kobold barely misses you. The jackal bites you.
You release your grip on the jackal.
The bat barely misses you. The bat barely misses you.
The kobold throws a stone.
The stone barely misses you.
You see here a fuming coppery potion.
The bat hits you. The jackal misses you.
The kobold throws a stone.
The stone hits you but does no damage.
You hit the bat. Your grab misses the bat.
The bat is severely wounded.
The bat misses you. The leopard gecko bites you.
* * * LOW HITPOINT WARNING * * *
The jackal barely misses you. The bat hits you but does no damage.
The leopard gecko bites you.
* * * LOW HITPOINT WARNING * * *
The bat misses you. The bat completely misses you. The bat closely misses you.
You hit the bat.
You kill the bat!
The jackal closely misses you.
You closely miss the jackal. You grab the jackal. You constrict the jackal.
The jackal barely misses you.
You hit the jackal but do no damage.
The jackal is moderately wounded.
You constrict the jackal, but do no damage.
The jackal closely misses you. x2
You hit the jackal.
The jackal is severely wounded.
You constrict the jackal.
You kill the jackal!
The jackal barely misses you.
You hit the jackal but do no damage. You grab the jackal.
You squeeze the jackal.
You kill the jackal!
You barely miss the goblin. Your grab misses the goblin.
The goblin closely misses you. The goblin hits you.
You die...

#.........# ###
#.........#
#####.##### #..#
##.## #..# # ##.##
#. #..#
#..#####@##
#....Kg.#
##.†.#### #
###...# .##. ###K#
..... ####l######
#.?.##.........#
####............#
##....#..!.......#


You could see a goblin and a kobold.

Vanquished Creatures
  2 dart slugs (D:1)
  2 jackals (D:1)
  A kobold (D:1)
  A bat (D:1)
  A rat (D:1)
7 creatures vanquished.

Notes
Turn   | Place    | Note
-------+----------+-------------------------------------------
     0 | D:1      | MisterOstroum the Octopode Wanderer began the quest for the
                  | Orb.
     0 | D:1      | MisterOstroum set off with the following items: a +2 mace,
                  | a potion of curing {@q1 !q}, 96 tomahawks, a +0 dagger, a
                  | ration {!d}
     0 | D:1      | Reached XP level 1. HP: 17/17 MP: 1/1
    86 | D:1      | Reached XP level 2. HP: 18/22 MP: 2/2
   106 | D:1      | Slain by a goblin

Action                   || total
-------------------------++-------
Melee: Mace              ||    16
       Constrict         ||     6
       Tentacles         ||     2
 Stab: Sleeping          ||     1
Armor: Skin              ||     3
Dodge: Dodged            ||    28
